 Dungeon Crawl Stone Soup version 0.19.0-19-g8c6edcc (webtiles) character file.

49 Exaltedone87 the Skirmisher (level 3, 0/29 HPs)
             Began as a Demonspawn Abyssal Knight on Nov 15, 2016.
             Was a Believer of Lugonu.
             Slain by an adder (2 damage)
             ... on level 2 of the Dungeon.
             The game lasted 00:03:11 (1071 turns).

Exaltedone87 the Skirmisher (DsAK)                  Turns: 1071, Time: 00:03:11

Health: 0/29       AC:  5    Str: 13    XL:     3   Next: 53%
Magic:  5/5        EV: 10    Int: 13    God:    Lugonu [**....]
Gold:   58         SH:  0    Dex: 12    Spells: 0 memorised, 2 levels left

rFire  . . .     SeeInvis .     a - +1 falchion
rCold  . . .     Gourm    .     l - +0 ring mail (curse)
rNeg   . . .     Faith    .     (no shield)
rPois  .         Spirit   .     (no helmet)
rElec  .         Reflect  .     (no cloak)
rCorr  .         Harm     .     (no gloves)
MR     .....                    (no boots)
Stlth  +.........               (no amulet)
                                (no ring)
                                (no ring)

@: lethally poisoned (0 -> -9), flying
A: foul stench 1, rot immunity
a: Depart the Abyss, Bend Space, Renounce Religion


You were on level 2 of the Dungeon.
You worshipped Lugonu.
Lugonu was pleased with you.
You were not hungry.

You visited 1 branch of the dungeon, and saw 2 of its levels.
You visited the Abyss 1 time.

You collected 58 gold pieces.

Inventory:

Hand Weapons
 a - a +1 falchion (weapon)
Missiles
 d - 8 javelins (quivered)
Armour
 b - a +0 leather armour
 i - a +0 chain mail
 l - a cursed +0 ring mail (worn)
Scrolls
 e - 2 scrolls of remove curse {unknown}
 f - 3 scrolls of identify {unknown}
 h - 2 scrolls of noise {unknown}
Potions
 j - a potion of beneficial mutation {unknown}
 m - a potion of curing {unknown}
 o - a potion of degeneration {unknown}
Comestibles
 c - 2 bread rations
 n - a beef jerky


   Skills:
 + Level 3.6 Fighting
 * Level 2.6 Long Blades
 + Level 1.8 Armour
 + Level 1.1 Dodging
 + Level 2.9 Invocations


You had 2 spell levels left.
You didn't know any spells.

Dungeon Overview and Level Annotations

Branches:
Dungeon (2/15)

Altars:


Innate Abilities, Weirdness & Mutations

You may emit foul miasma when damaged in melee.
You are immune to rotting.


Message History

The adder is heavily wounded.
* * * LOW HITPOINT WARNING * * *
You feel sick. The adder closely misses you.
The adder bites you but does no damage.
You miss the adder.
The adder is heavily wounded.
* * * LOW HITPOINT WARNING * * *
You feel sick. The adder bites you.
* * * LOW HITPOINT WARNING * * *
You miss the adder.
The adder is heavily wounded.
* * * LOW HITPOINT WARNING * * *
You feel sick. The adder closely misses you.
You riposte.
You hit the adder.
The adder is severely wounded.
The adder barely misses you.
You riposte.
You closely miss the adder.
The adder is severely wounded.
It was a potion of flight.
You feel very buoyant.
You fly up into the air.
The adder bites you.
You die...

## #.. #.# #.# #.#
#.# ###
#.############
.....##S@..........#
#.......#.#####.#
.....#####...# #.#
#### ##.## #.#
##.######.#
#.........##
#..#####...# #..#
#.#.# #..# #.#.#


You could see an adder.

Vanquished Creatures
  An ooze (D:2)
  A worm (D:2)
  A dart slug (D:1)
  An orc (D:1)
  A bat (D:1)
  6 goblins (D:1)
  5 hobgoblins
  5 frilled lizards (D:1)
  5 kobolds
  17 rats
43 creatures vanquished.

Notes
Turn   | Place    | Note
-------+----------+-------------------------------------------
     0 | Abyss:1  | Exaltedone87 the Demonspawn Abyssal Knight began the quest for the Orb.
     0 | Abyss:1  | Reached XP level 1. HP: 18/18 MP: 2/2
     2 | D:1      | Escaped the Abyss
    16 | D:1      | Reached * piety under Lugonu
    41 | D:1      | Gained mutation: You are immune to rotting. [demonic ancestry]
    41 | D:1      | Reached XP level 2. HP: 11/24 MP: 3/3
   666 | D:1      | Gained mutation: You may emit foul miasma when damaged in melee. [demonic ancestry]
   666 | D:1      | Reached XP level 3. HP: 27/29 MP: 5/5
   803 | D:1      | Reached ** piety under Lugonu
   833 | D:1      | Reached skill level 1 in Dodging
  1071 | D:2      | Slain by an adder

Skill      XL: |  1  2  3 |
---------------+----------+-----
Long Blades    | 2 |  2.6
Dodging        | 1 |  1.1
Fighting       | |  3.6
Armour         | |  1.8
Invocations    | |  2.9

Action                   || total
-------------------------++-------
Melee: Falchion          ||   116
Throw: Javelin           ||    10
Invok: Depart the Abyss  ||     1
  Use: Potion            ||     1
  Eat: Chunk             ||     1
Armor: Leather armour    ||    17
       Ring mail         ||    16
Dodge: Dodged            ||    72
       Rpst.: Falchion   ||    21
